 Dungeon Crawl Stone Soup version 0.27-a0-1123-g2f9bb313c0 (webtiles) character file.

Game seed: 10789456915869518839

1184 Zeld the Chucker (level 8, -1/49 (55) HPs)
             Began as an Octopode Fighter on May 4, 2021.
             Slain by a wight
             ... wielding a +0 battleaxe
              (3 damage)
             ... on level 5 of the Dungeon.
             The game lasted 00:07:30 (7627 turns).

Zeld the Chucker (Octopode Fighter)                 Turns: 7627, Time: 00:07:30

HP:   -1/49 (55)    AC:  1    Str: 17    XL:     8   Next: 42%
MP:   8/8           EV: 11    Int: 11    God:
Gold: 242           SH:  9    Dex: 11    Spells: 7/7 levels left

rFire    . . .     SeeInvis .   r - +5 war axe
rCold    . . .     Faith    .   b - +0 kite shield
rNeg     . . .     Spirit   .   (helmet restricted)
rPois    .         Reflect  .   (no amulet)
rElec    .         Harm     .   (no ring)
rCorr    .         Rampage  .   (no ring)
Will     .....                  (no ring)
Stlth    ++........             (no ring)
HPRegen  0.16/turn              (no ring)
MPRegen  0.11/turn              (no ring)
                                (no ring)
                                (no ring)

@: heavily drained
A: almost no armour, amphibious, 8 rings, camouflage 1, gelatinous body 1,
(nimble swimmer 1), tentacles
a: no special abilities


You were on level 5 of the Dungeon.
You visited 1 branch of the dungeon, and saw 6 of its levels.
You also visited: Sewer.

You collected 242 gold pieces.

Inventory:

Hand Weapons
 r - a +5 war axe (weapon)
Missiles
 e - 15 poisoned darts (quivered)
Armour
 b - a +0 kite shield (worn)
Wands
 o - a wand of polymorph (8)
 q - a wand of iceblast (7)
Scrolls
 f - 3 scrolls of identify {unknown}
 g - a scroll of amnesia {unknown}
 i - a scroll of teleportation {unknown}
 k - a scroll of noise {unknown}
Potions
 c - a potion of lignification {unknown}
 d - a potion of invisibility {unknown}
 h - a potion of curing {unknown}
 j - a potion of berserk rage {unknown}
 l - a potion of heal wounds {unknown}
 m - a potion of haste {unknown}
 n - a potion of resistance
 p - a potion of degeneration {unknown}


   Skills:
 * Level 5.3 Fighting
 * Level 4.7 Axes
 - Level 6.0 Throwing
 - Level 3.0 Dodging
 * Level 5.3 Shields


You had 7 spell levels left.
You didn't know any spells.
Your spell library contained the following spells:

 Spells                   Type           Power      Damage    Failure   Level
 Beastly Appendage        Tmut           0%         N/A       77%         1
 Shock                    Conj/Air       0%         1d3       77%         1
 Static Discharge         Conj/Air       0%         N/A       88%         2
 Wereblood                Tmut           0%         N/A       88%         2
 Spider Form              Tmut/Pois      0%         N/A       98%         3
 Swiftness                Air            0%         N/A       98%         3
 Airstrike                Air            0%         N/A       100%        4
 Ice Form                 Ice/Tmut       0%         N/A       100%        4
 Hydra Form               Tmut           0%         N/A       100%        5
 Lightning Bolt           Conj/Air       0%         1d11      100%        5


Dungeon Overview and Level Annotations

Branches:
Dungeon (6/15)              Sewer (visited)
 Temple: D:4-7

Altars:
Dithmenos
Kikubaaqudgha
Makhleb
Nemelex Xobeh
Qazlal

Shops:
D:5 *


Innate Abilities, Weirdness & Mutations

You cannot wear most types of armour.
You are amphibious.
You can wear up to eight rings at the same time.
Your skin changes colour to match your surroundings (Stealth+).
Your rubbery body absorbs attacks. (AC +1, EV +1)
((You are camouflaged near water. (Stealth+)))
You have tentacles for arms and can constrict up to eight enemies at once.


Message History

The centaur is almost dead.
You barely miss the wight. The centaur hits you.
The centaur closely misses you. The wight hits you with a +0 battleaxe!
You feel drained. The centaur barely misses you. x2
The wight hits you with a +0 battleaxe!
* * * LOW HITPOINT WARNING * * *
You feel drained.
You are too injured to fight recklessly!
You are too injured to fight recklessly!
Press: ? - help, v - describe, . - travel
Here: a centaur, quivering arrows (almost dead)
The floor.
You slice the centaur!!
You kill the centaur!
You hit the wight. The wight hits you with a +0 battleaxe.
* * * LOW HITPOINT WARNING * * *
Unknown command.
Press: ? - help, v - describe, . - travel
Here: a wight, wielding a +0 battleaxe and wearing a +0 robe (heavily damaged)
The floor.
Unknown command.
Aiming: Iceblast
Press: ? - help, Shift-Dir - straight line, f - wight
Aim: a wight, wielding a +0 battleaxe and wearing a +0 robe (heavily damaged)
The mass of ice explodes!
The iceblast engulfs the wight.
The wight partially resists.
The wight is almost destroyed.
The wight barely misses you.
You see here 15 sling bullets.
Aiming: Iceblast
Press: ? - help, Shift-Dir - straight line, f/p - wight
Aim: a wight, wielding a +0 battleaxe and wearing a +0 robe (almost destroyed)
The mass of ice explodes!
The iceblast engulfs the wight.
The wight partially resists.
The wight is almost destroyed.
Unknown command.
The wight hits you with a +0 battleaxe!
* * * LOW HITPOINT WARNING * * *
You feel drained.
You die...

#.#.# #......#..# #.##..# #...##
#..[...#..# #.##..# ##...###
#..###....###..#..# #.#....#
#..'_+........∩...# ##...#.#
##..###..#.###.##.## ##.##.#
#..............##.#
#.##.###.##....##.######.#
#.##.....###..z...# #.# # #
#.##.##### #.@###.######.## #
####.##.# #..# #.........# #
........# #..# #.....##..# #
###.....# #..# #.###.##..####
.....###### #..# #.##.P.......#
..........#####..###.....###.##.#
.................##...P..#.#..#.#
.......##......[###P.......#.#..#
.....#.##..#######P..P#....#....#


You could see a wight.

Vanquished Creatures
  A water moccasin (D:4)
  A black bear (D:5)
  An ogre (D:5)
  A centaur (D:5)
  A bullfrog (Sewer)
  3 scorpions (D:5)
  A water moccasin skeleton (D:5)
  2 wights (D:5)
  A hound (D:4)
  2 jellies
  An orc priest (D:4)
  Jessica (D:3)
  An iguana (D:5)
  4 gnolls
  6 adders
  A worm (D:4)
  A dart slug (D:4)
  9 orcs
  20 endoplasms
  26 giant cockroaches
  6 goblins
  11 hobgoblins
  8 jackals (D:1)
  20 quokkas
  21 ball pythons
  3 bats
  10 frilled lizards
  10 kobolds
  5 rats
178 creatures vanquished.

Notes
Turn   | Place    | Note
-------+----------+-------------------------------------------
     0 | D:1      | Zeld the Octopode Fighter began the quest for the Orb.
     0 | D:1      | Reached XP level 1. HP: 16/16 MP: 1/1
   322 | D:1      | Reached XP level 2. HP: 18/21 MP: 2/2
   432 | D:1      | Found a faded altar of an unknown god.
   448 | D:1      | Reached XP level 3. HP: 10/26 MP: 3/3
  1219 | D:1      | Reached skill level 1 in Throwing
  1561 | D:2      | You fall into a shaft and drop 1 floor!
  1595 | D:3      | Found a glowing drain.
  1609 | D:3      | Reached XP level 4. HP: 30/31 MP: 4/4
  1617 | Sewer    | Entered a sewer
  1625 | Sewer    | Reached skill level 2 in Throwing
  1810 | Sewer    | Reached skill level 3 in Throwing
  1902 | Sewer    | Reached XP level 5. HP: 36/36 MP: 5/5
  2922 | Sewer    | Reached skill level 4 in Throwing
  2922 | Sewer    | Reached XP level 6. HP: 36/42 MP: 6/6
  3845 | D:3      | Reached skill level 5 in Throwing
  4058 | D:3      | Noticed Jessica
  4061 | D:3      | Killed Jessica
  4909 | D:4      | Noticed a water moccasin
  4917 | D:4      | Killed a water moccasin
  4918 | D:4      | Reached skill level 6 in Throwing
  4918 | D:4      | Reached XP level 7. HP: 31/46 MP: 7/7
  5536 | D:4      | Found a burning altar of Makhleb.
  5603 | D:5      | Entered Level 5 of the Dungeon
  5603 | D:5      | Found a shadowy altar of Dithmenos.
  5633 | D:5      | Identified the +7 long sword of Egaidgh {venom, Dex+4
                  | Stlth-}
  5903 | D:5      | Found an ancient bone altar of Kikubaaqudgha.
  5923 | D:5      | Reached XP level 8. HP: 40/54 MP: 8/8
  6160 | D:5      | Found Axkoz's Lightly-Used Armoury.
  6203 | D:5      | Found a sparkling altar of Nemelex Xobeh.
  6225 | D:5      | Reached skill level 5 in Fighting
  6225 | D:5      | Reached skill level 5 in Shields
  6384 | D:5      | Found a stormy altar of Qazlal.
  7572 | D:5      | HP: 1/48 [wight/+0 battleaxe (6)]
  7627 | D:5      | HP: 2/51 [wight/+0 battleaxe (9)]
  7627 | D:5      | Slain by a wight

Illustrated notes

Levels and vault maps discovered:
D:1:      sevenhm_arrival_forest_fort_small_3, layout_loops_corners,
          hellmonk_ecumenical_altar_pennies_from_heaven,
          hangedman_feature_mirror, minmay_misc_feat_iff
D:2:      layout_basic, serial_bayou_pond_d
D:3:      layout_rooms, gup_sewer_entry_pipe, uniq_jessica
D:4:      layout_basic, kennysheep_little_box, serial_curves, eino_curves_03,
          eino_curves_02
D:5:      layout_loops_ring, kiku_gazebo_garden_becter, kennysheep_mini_moat,
          old_standard_altar, nicolae_overflow_crystal_walls,
          minmay_shop_damaged, grunt_ministairs_3
D:6:      layout_basic, serial_corexii_hall, chequers_hall_statues_y,
          chequers_hall_statues_wall_a, minmay_pentangle, uniq_maggie

Skill      XL: |  1  2  3  4  5  6  7  8 |
---------------+-------------------------+-----
Throwing       | 1 3 4 6 |  6.0
Axes           | 4 |  4.7
Fighting       | 4 5 |  5.3
Shields        | 4 5 |  5.3
Dodging        | |  3.0

Action                   |  1- 3 |  4- 6 |  7- 9 || total
-------------------------+-------+-------+-------++-------
Melee: War axe           |    72 |   166 |    60 ||   298
       Constrict         |    19 |    49 |    16 ||    84
       Tentacles         |    16 |    28 |    17 ||    61
Evoke: Wand              |       |       |     3 ||     3
  Use: Potion            |       |     1 |       ||     1
 Stab: Sleeping          |     8 |    13 |     7 ||    28
Armor: Skin              |     2 |    10 |     4 ||    16
Dodge: Dodged            |    35 |    71 |    39 ||   145
Block: Kite shield       |    42 |    75 |    38 ||   155

Table legend: (Time is in decaauts)
 A = Elapsed time spent in this place.
 B = Non-inter-level travel time spent in this place.
 C = Inter-level travel time spent in this place.
 D = Time resting spent in this place.
 E = Time spent auto-exploring this place.
 F = Levels seen in this place.
 G = Mean time per level.
                   A        B        C        D        E       F      G
               +--------+--------+--------+--------+--------+-----+--------+
         Total |   7809 |   7568 |    241 |   1628 |   4616 |   7 | 1115.6 |
       Dungeon |   6284 |   6043 |    241 |    907 |   4073 |   6 | 1047.3 |
         Sewer |   1525 |   1525 |      0 |    721 |    543 |   1 | 1525.0 |
               +--------+--------+--------+--------+--------+-----+--------+

Top non-repeatable levels by time:
     D:5: 2031 daAuts
     D:1: 1596 daAuts
   Sewer: 1525 daAuts
     D:2: 1078 daAuts
     D:3: 849 daAuts
     D:4: 719 daAuts
     D:6: 9 daAuts
